 Dungeon Crawl Stone Soup version 0.26-a0-739-gf55cbd344a (webtiles) character file.

Game seed: 5378835059518796451

14373 marklar909 the Grappler (level 11, 0/145 HPs)
             Began as a Black Draconian Transmuter on Nov 6, 2020.
             Was a Believer of Makhleb.
             Splashed by an acid blob (glowing shapeshifter)'s acid (12 damage)
             ... on level 11 of the Dungeon.
             The game lasted 00:26:17 (16116 turns).

marklar909 the Grappler (DrTm)                     Turns: 16116, Time: 00:26:17

Health: 0/145      AC: 17    Str: 16    XL:     11   Next: 87%
Magic:  18/20      EV:  2    Int: 14    God:    Makhleb [**....]
Gold:   390        SH:  5    Dex: 13    Spells: 2/22 levels left

rFire    . . .     SeeInvis .     - Unarmed
rCold    . . .     Faith    .   (no shield)
rNeg     + + +     Spirit   .   (armour unavailable)
rPois    +         Reflect  +   (helmet currently unavailable)
rElec    .         Harm     .   (cloak currently unavailable)
rCorr    .         Rampage  .   (gloves currently unavailable)
MR       +....     NoTele   +   (boots currently unavailable)
Stlth    +++.......             f - amulet of reflection
HPRegen  0.34/turn              b - ring of stealth
MPRegen  0.17/turn              e - ring of protection from magic

@: tree-form, corroded
A: (breathe lightning), unfitting armour, agile 1, AC +7
a: Minor Destruction, Renounce Religion


You were on level 11 of the Dungeon.
You worshipped Makhleb.
Makhleb was pleased with you.
You were a tree.
You visited 1 branch of the dungeon, and saw 11 of its levels.

You collected 390 gold pieces.

Inventory:

Armour
 n - a +2 cloak (melded)
 y - a +2 pair of gloves (melded)
 C - a +2 hat of magic resistance (melded)
Jewellery
 b - a ring of stealth (left branch)
 e - a ring of protection from magic (right branch)
 f - an amulet of reflection (around neck)
 w - an uncursed amulet of faith
 x - an uncursed ring of see invisible
 D - an uncursed ring of poison resistance {unknown}
Wands
 a - a wand of flame (32)
 g - a wand of enslavement (14)
 h - a wand of disintegration (9)
 B - a wand of random effects (16)
Scrolls
 d - 7 scrolls of remove curse
 k - 5 scrolls of teleportation
 l - a scroll of immolation
 m - 2 scrolls of identify
 r - a scroll of enchant armour
 s - 2 scrolls of torment
 z - a scroll of blinking
 F - a scroll of magic mapping
Potions
 c - 3 potions of brilliance
 i - a potion of mutation
 j - a potion of magic {unknown}
 p - 3 potions of might {unknown}
 q - a potion of resistance {unknown}
 t - a potion of cancellation {unknown}
 u - a potion of invisibility {unknown}
 v - 3 potions of flight
 E - a potion of degeneration {unknown}
 G - a potion of berserk rage {unknown}


   Skills:
 * Level 9.1 Fighting
 * Level 5.8 Dodging
 + Level 3.6 Stealth
 + Level 11.0 Unarmed Combat
 + Level 6.2 Spellcasting
 + Level 1.7 Translocations
 + Level 8.3 Transmutations
 * Level 3.8 Air Magic
 + Level 4.6 Poison Magic
 + Level 0.5 Evocations


You had 2 spell levels left.
You knew the following spells:

 Your Spells              Type           Power        Failure   Level
a - Blade Hands           Tmut           ####......   14%         5
b - Wereblood             Tmut           ####....     1%          2
c - Spider Form           Tmut/Pois      ###.......   3%          3
d - Ice Form              Ice/Tmut       ###.....     28%         4
e - Beastly Appendage     Tmut           ####..       1%          1
f - Blink                 Tloc           N/A          12%         2
g - Mephitic Cloud        Conj/Pois/Air  ##......     14%         3

Your spell library contained the following spells:

 Spells                   Type           Power        Failure   Level
 Apportation              Tloc           #.....       8%          1
 Animate Skeleton         Necr           #.....       16%         1
 Corona                   Hex            #......      16%         1
 Magic Dart               Conj           #...         16%         1
 Summon Small Mammal      Summ           #...         16%         1
 Call Imp                 Summ           #.......     24%         2
 Slow                     Hex            #.......     24%         2
 Conjure Flame            Conj/Fire      #.......     41%         3


Dungeon Overview and Level Annotations

Branches:
Dungeon (11/15)            Temple (0/1) D:4            Lair (0/6) D:10
    Orc (0/2) D:9

Altars:
Dithmenos
Fedhas
Gozag
Makhleb
Sif Muna
Xom
Yredelemnul
Zin
The Shining One

Shops:
D:5 (

Annotations:
D:7 3 runed translucent doors, Eryximachus's ghost, novice OpTm


Innate Abilities, Weirdness & Mutations

((You can breathe wild blasts of lightning.))
((Your glossy black scales are hard. (AC +7)))
You cannot fit into any form of body armour.
((You are resistant to electric shocks. (rElec)))
((You are cold-blooded and may be slowed by cold attacks.))
((You have very sharp teeth.))
((You have large cloven feet.))
You are agile. (Dex +2)


Message History

Unknown command.
Really quaff the potion of lignification? [Y]es or [N]o only, please.
Really quaff the potion of lignification?
Your hands revert to their normal proportions.
Your +2 pair of gloves unmelds from your body.
You turn into a tree.
Your +2 cloak melds into your body.
Your +2 hat of magic resistance melds into your body.
Your +2 pair of gloves melds into your body.
You feel less resistant to hostile enchantments.
Your roots penetrate the ground.
The acid blob hits you.
* * * LOW HITPOINT WARNING * * *
The acid corrodes you!
You are splashed with acid!
* * * LOW HITPOINT WARNING * * *
You feel better. The acid blob spits acid at you. The splash of acid hits you!
* * * LOW HITPOINT WARNING * * *
You are splashed with acid!
You die...

#.#......#
#........#.#T#.#
#.......##
#.......##..#$#
##......#
#.......#######
#......# #.......#
##...(.#####.......#
#.>...............#
#.....#####.......#
#.....# #.......#
####### #♣......#
#J####### #.# ..#
###


You could see an acid blob shaped shifter.

Vanquished Creatures
  Gastronok (D:9)
  A boulder beetle (D:11)
  4 two-headed ogres
  A deep troll (D:11)
  2 ugly things (D:11)
  A cyclops (D:11)
  Maurice (D:8)
  A kobold demonologist (D:10)
  Grinder (D:4)
  A shadow (D:11)
  9 yaks (D:11)
  Sigmund (D:1)
  Eustachio (D:6)
  Duvessa (D:4)
  3 sky beasts
  3 orc warriors
  A necrophage (D:10)
  2 ice beasts
  A phantom (D:10)
  6 ogres
  2 centaurs
  13 big kobolds
  4 bullfrogs
  A gnoll sergeant (D:8)
  7 scorpions
  Dowan (D:4)
  4 killer bees (D:8)
  6 wights (D:11)
  3 howler monkeys
  3 bullfrog zombies
  A jelly (D:5)
  A wyvern simulacrum (D:11)
  5 orc priests
  9 hounds
  3 bullfrog skeletons
  A gnoll shaman (D:5)
  Crazy Yiuf (D:4)
  9 orc wizards
  Terence (D:2)
  2 iguanas
  5 worker ants
  A hound zombie (D:7)
  2 hound skeletons
  2 worker ant zombies
  10 adders
  19 gnolls
  2 shadow imps
  A white imp (D:6)
  An ooze (D:1)
  An adder zombie (D:9)
  2 worms
  3 dart slugs
  2 leopard geckos
  49 orcs
  3 ball pythons
  8 giant cockroaches
  9 goblins
  6 hobgoblins
  4 jackals
  14 kobolds
  3 quokkas
  3 bats
  5 frilled lizards
  A giant cockroach zombie (D:5)
  A jackal skeleton (D:4)
  2 leopard gecko skeletons
  A quokka zombie (D:8)
  7 rats
286 creatures vanquished.

Notes
Turn   | Place    | Note
-------+----------+-------------------------------------------
     0 | D:1      | marklar909 the Draconian Transmuter began the quest for the
                  | Orb.
     0 | D:1      | Reached XP level 1. HP: 16/16 MP: 3/3
   367 | D:1      | Reached XP level 2. HP: 17/23 MP: 3/5
  1034 | D:2      | Reached XP level 3. HP: 28/28 MP: 4/6
  1266 | D:2      | Noticed Terence
  1647 | D:2      | Noticed Sigmund
  1915 | D:1      | Killed Sigmund
  1915 | D:1      | Reached skill level 4 in Unarmed Combat
  1915 | D:1      | Reached XP level 4. HP: 4/36 MP: 5/8
  1915 | D:1      | Reached XP level 5. HP: 5/41 MP: 5/9
  2392 | D:1      | Learned a level 2 spell: Wereblood
  2396 | D:1      | Learned a level 3 spell: Spider Form
  2644 | D:2      | Killed Terence
  2644 | D:2      | Reached skill level 1 in Stealth
  2801 | D:3      | Found an opulent altar of Gozag.
  2991 | D:3      | Found a shimmering altar of Xom.
  2995 | D:3      | Found a shimmering altar of Xom.
  2995 | D:3      | Found a shimmering altar of Xom.
  3024 | D:3      | Reached XP level 6. HP: 37/50 MP: 0/10
  3807 | D:4      | Noticed Grinder
  3815 | D:4      | Noticed Duvessa
  3847 | D:4      | Killed Grinder
  3847 | D:4      | Reached skill level 1 in Poison Magic
  3847 | D:4      | Your scales start taking on a glossy black colour.
  3847 | D:4      | Reached XP level 7. HP: 30/57 MP: 6/12
  3847 | D:4      | Gained mutation: You are resistant to electric shocks.
                  | (rElec) [Black Draconian growth]
  4128 | D:4      | Noticed Dowan
  4138 | D:4      | Killed Dowan
  4138 | D:4      | Reached skill level 5 in Unarmed Combat
  4241 | D:4      | Killed Duvessa
  4994 | D:4      | Reached XP level 8. HP: 66/66 MP: 9/13
  5279 | D:4      | Found a runed translucent door.
  5285 | D:4      | Learned a level 4 spell: Ice Form
  5285 | D:4      | Noticed Crazy Yiuf
  5326 | D:4      | Found a staircase to the Ecumenical Temple.
  5429 | D:5      | Entered Level 5 of the Dungeon
  5677 | D:5      | You fall into a shaft and drop 2 floors!
  5697 | D:7      | Reached skill level 6 in Unarmed Combat
  5991 | D:7      | Found a blossoming altar of Fedhas.
  6002 | D:7      | Reached skill level 5 in Fighting
  6344 | D:7      | Found a glowing silver altar of Zin.
  6355 | D:7      | Found a runed translucent gate.
  6356 | D:7      | Found a runed translucent gate.
  6356 | D:7      | Noticed Eryximachus's ghost (novice OpTm)
  6357 | D:7      | Found an opulent altar of Gozag.
  6364 | D:7      | Found a runed translucent gate.
  6529 | D:7      | Noticed a slime creature
  7272 | D:7      | Reached skill level 7 in Unarmed Combat
  7520 | D:7      | Learned a level 5 spell: Blade Hands
  7533 | D:8      | Reached XP level 9. HP: 66/74 MP: 10/16
  7679 | D:8      | Noticed a two-headed ogre
  7841 | D:8      | Found a glowing golden altar of the Shining One.
  8124 | D:7      | Learned a level 2 spell: Blink
  8125 | D:8      | Noticed Maurice
  8534 | D:7      | Reached skill level 5 in Spellcasting
  9229 | D:8      | Killed Maurice
  9229 | D:8      | Reached skill level 5 in Transmutations
  9633 | D:8      | Reached skill level 8 in Unarmed Combat
  9936 | D:8      | Killed a two-headed ogre
 10001 | D:8      | Reached XP level 10. HP: 37/84 MP: 15/18
 10340 | D:6      | Found a shimmering blue altar of Sif Muna.
 10528 | D:6      | Found a shadowy altar of Dithmenos.
 10741 | D:6      | Noticed Eustachio
 10751 | D:6      | Killed Eustachio
 11131 | D:5      | Found a burning altar of Makhleb.
 11166 | D:5      | Became a worshipper of Makhleb the Destroyer
 11240 | D:5      | Found Sula's Antique Weapon Shop.
 11371 | D:5      | Found a basalt altar of Yredelemnul.
 11543 | D:4      | Killed Crazy Yiuf
 12090 | D:9      | Found a staircase to the Orcish Mines.
 12312 | D:9      | Noticed Gastronok
 12348 | D:9      | Killed Gastronok
 12348 | D:9      | Reached skill level 9 in Unarmed Combat
 12788 | D:9      | Reached * piety under Makhleb
 13385 | D:10     | Entered Level 10 of the Dungeon
 13457 | D:10     | Gained mutation: You occasionally shout uncontrollably at
                  | your foes. [mutagenic glow]
 13462 | D:10     | Lost mutation: You occasionally shout uncontrollably at
                  | your foes. [potion of mutation]
 13462 | D:10     | Gained mutation: You are agile. (Dex +2) [potion of
                  | mutation]
 13462 | D:10     | Gained mutation: You have very sharp teeth. [potion of
                  | mutation]
 13462 | D:10     | Gained mutation: You have large cloven feet. [potion of
                  | mutation]
 13967 | D:10     | Reached skill level 10 in Unarmed Combat
 14081 | D:10     | Reached skill level 5 in Dodging
 14085 | D:10     | Reached XP level 11. HP: 83/94 MP: 9/19
 14110 | D:10     | Learned a level 3 spell: Mephitic Cloud
 14362 | D:10     | Found a staircase to the Lair.
 14777 | D:11     | Reached ** piety under Makhleb
 15214 | D:11     | Noticed a green ugly thing
 15221 | D:11     | Noticed a green ugly thing
 15222 | D:11     | Noticed a two-headed ogre
 15223 | D:11     | Killed a green ugly thing
 15223 | D:11     | Reached skill level 1 in Air Magic
 15226 | D:11     | Killed a green ugly thing
 15226 | D:11     | Reached skill level 1 in Translocations
 15230 | D:11     | Killed a two-headed ogre
 15290 | D:11     | Noticed a two-headed ogre
 15298 | D:11     | Killed a two-headed ogre
 15481 | D:11     | Noticed a wolf spider
 15481 | D:11     | Noticed a deep troll
 15496 | D:11     | Killed a deep troll
 15589 | D:11     | Noticed a stone giant
 15596 | D:11     | Noticed a two-headed ogre
 15603 | D:11     | Killed a two-headed ogre
 15614 | D:11     | Reached skill level 11 in Unarmed Combat
 15963 | D:11     | Noticed a boulder beetle
 16006 | D:11     | Killed a boulder beetle
 16107 | D:11     | Noticed an iron dragon
 16109 | D:11     | Noticed an acid blob
 16109 | D:11     | an iron dragon changed into an acid blob
 16116 | D:11     | Splashed by an acid blob (glowing shapeshifter)'s acid

Illustrated notes

Levels and vault maps discovered:
D:1:      dpeg_arrival_round_a, layout_loops_ring, minmay_crystal_water
D:2:      layout_rooms, uniq_sigmund, uniq_terence
D:3:      layout_basic, xom_redecorated, lemuel_statue_altar
D:4:      minmay_chambers_of_twos, layout_cave_pools,
          minmay_temple_entry_from_below_a, serial_rivers,
          chequers_serial_rivers_small_a, chequers_serial_rivers_small_a,
          chequers_serial_rivers_micro_a, chequers_serial_rivers_small_a,
          chequers_serial_rivers_small_a, uniq_grinder, uniq_crazy_yiuf_cottage,
          uniq_duvessa
D:5:      layout_cave_pools, kennysheep_mini_moat, bloody_makhleb, serial_shops,
          kennysheep_mini
D:6:      layout_basic, lemuel_doored_altar, grunt_dithmenos_smoke_and_mirrors,
          uniq_eustachio
D:7:      layout_loops_ring, overflow_temple_1_default,
          nicolae_overflow_crystal_walls, ebering_ghost_gozag
D:8:      layout_loops_corners, tso_altar, uniq_maurice
D:9:      layout_loops_ring, david_orc_3, uniq_gastronok
D:10:     layout_basic, lair_entry_dummy, special_room [special_room_kobold]
D:11:     minmay_glassy_protrusions, layout_basic

Skill      XL: |  1  2  3  4  5  6  7  8  9 10 11 |
---------------+----------------------------------+-----
Dodging        | 2 3 4 5 |  5.8
Fighting       | 2 3 4 5 6 8 9 |  9.1
Unarmed Combat | 4 5 7 8 10 11 | 11.0
Transmutations | 3 4 5 7 8 |  8.3
Stealth        | 1 2 3 |  3.6
Spellcasting   | 3 4 5 6 |  6.2
Poison Magic   | 1 2 3 4 |  4.6
Air Magic      | 3 |  3.8
Translocations | 1 |  1.7
Evocations     | |  0.5

Action                   |  1- 3 |  4- 6 |  7- 9 | 10-12 || total
-------------------------+-------+-------+-------+-------++-------
Melee: Unarmed           |    86 |   122 |   337 |   298 ||   843
       Kick              |    25 |     5 |    29 |    26 ||    85
       Headbutt          |    14 |     2 |    13 |       ||    29
       Tailslap          |     7 |     4 |    17 |    23 ||    51
       Punch             |     2 |     1 |     4 |     3 ||    10
       Bite              |       |       |       |    11 ||    11
 Cast: Beastly Appendage |    24 |     7 |    18 |       ||    49
       Spider Form       |       |    13 |    35 |    16 ||    64
       Wereblood         |       |       |    17 |    12 ||    29
       Blade Hands       |       |       |     1 |    31 ||    32
       Ice Form          |       |       |       |     1 ||     1
 Abil: Breathe Lightning |       |       |     8 |     1 ||     9
Evoke: Wand              |       |       |     1 |    10 ||    11
  Use: Scroll            |     3 |     1 |    12 |     4 ||    20
       Potion            |       |       |     1 |     5 ||     6
 Stab: Sleeping          |     1 |     1 |     4 |     3 ||     9
Armor: Skin              |    20 |    24 |    56 |    54 ||   154
Dodge: Dodged            |    45 |    90 |   272 |   181 ||   588
Block: Other             |       |    43 |    85 |    58 ||   186
       Reflection        |       |     3 |     6 |     3 ||    12

Table legend: (Time is in decaauts)
 A = Elapsed time spent in this place.
 B = Non-inter-level travel time spent in this place.
 C = Inter-level travel time spent in this place.
 D = Time resting spent in this place.
 E = Time spent auto-exploring this place.
 F = Levels seen in this place.
 G = Mean time per level.
                   A        B        C        D        E       F      G
               +--------+--------+--------+--------+--------+-----+--------+
         Total |  16036 |  15411 |    625 |   4481 |   8611 |  11 | 1457.8 |
       Dungeon |  16036 |  15411 |    625 |   4481 |   8611 |  11 | 1457.8 |
               +--------+--------+--------+--------+--------+-----+--------+

Top non-repeatable levels by time:
     D:7: 2810 daAuts
     D:1: 2113 daAuts
     D:4: 2036 daAuts
     D:8: 1847 daAuts
     D:9: 1393 daAuts
    D:10: 1359 daAuts
    D:11: 1344 daAuts
     D:3: 1012 daAuts
     D:6: 853 daAuts
     D:5: 668 daAuts
     D:2: 596 daAuts
